Map: Catalyst LE

Players

Caerwyn - Winner!

  • Race: Terran Terran
  • League: Diamond
  • Spawn Location: 5:00

VOD

Have the link to the VOD?

Description

VS AI execution of the standard 1/1/1 hellion opener in tvz. NOTE some timings are off

Time

  • Played on: Nov. 3, 2017, 6:52 a.m.
  • Length: 18:09
Show
View Real Time Build Order
Export as new Build Order

Caerwyn Terran - Winner!

Build Orders: Reaper Expand, Hellion Banshee, MMM Bio 

Get SALT Encoding   

  12  0:02  SCV  
  12  0:14  SCV  
  12  0:18  Supply Depot  
  12  0:26  SCV  
  12  0:28  Refinery  
  12  0:39  SCV  
  12  0:46  Barracks  
  12  0:51  SCV  
  12  1:03  SCV  
  12  1:15  SCV  
  12  1:34  Reaper, Orbital Command  
  12  1:46  Command Center  
  12  1:56  Factory  
  12  2:00  SCV  
  12  2:06  Refinery  
  12  2:09  Barracks Reactor  
  12  2:12  SCV  
  12  2:21  Supply Depot  
  12  2:25  SCV  
  12  2:43  Starport, SCV  
  12  2:53  Hellion x2  
  12  2:55  Barracks Tech Lab, SCV  
  12  3:02  Orbital Command  
  12  3:08  SCV  
  12  3:15  Hellion x2  
  12  3:23  SCV  
  12  3:26  Viking  
  12  3:28  SCV  
  12  3:33  Cloaking Field  
  12  3:37  SCV  
  12  3:42  Supply Depot  
  12  3:43  Hellion  
  12  3:47  Hellion  
  12  3:49  SCV  
  12  3:56  Barracks Tech Lab  
  12  4:02  SCV x2  
  12  4:03  Banshee  
  12  4:07  Supply Depot  
  12  4:20  Command Center  
  12  4:25  SCV x2  
  12  4:27  Stimpack  
  12  4:34  Supply Depot  
  12  4:37  SCV  
  12  4:38  Factory Reactor, SCV  
  12  4:46  Barracks  
  12  4:49  Barracks  
  12  4:51  Banshee  
  12  4:53  SCV  
  12  4:54  SCV  
  12  5:00  Refinery  
  12  5:03  Refinery  
  12  5:06  SCV x2  
  12  5:11  Engineering Bay  
  12  5:12  Engineering Bay  
  12  5:18  SCV  
  12  5:20  Marine, SCV  
  12  5:27  Factory Tech Lab  
  12  5:30  SCV  
  12  5:32  Marine x2, SCV  
  12  5:36  Orbital Command  
  12  5:41  Marine  
  12  5:42  SCV  
  12  5:44  SCV  
  12  5:46  Marine x2  
  12  5:48  Siege Tank  
  12  5:50  Starport Reactor, Terran Infantry Weapons Level 1  
  12  5:52  Terran Infantry Armor Level 1  
  12  5:55  SCV  
  12  5:56  Marine x2  
  12  6:00  Marine  
  12  6:04  Marine x2  
  12  6:06  Orbital Command  
  12  6:12  SCV, Supply Depot  
  12  6:13  SCV, Supply Depot  
  12  6:14  Marine  
  12  6:15  Supply Depot  
  12  6:16  Marine  
  12  6:29  Barracks  
  12  6:33  Marine, SCV x2, Armory  
  12  6:34  Siege Tank, SCV  
  12  6:41  Marine x4  
  12  6:42  Medivac  
  12  6:45  Medivac  
  12  6:46  SCV x2  
  12  6:51  Marine  
  12  6:52  SCV  
  12  6:55  Supply Depot  
  12  6:58  Marine x2  
  12  6:59  Marine x2  
  12  7:02  Barracks  
  12  7:07  SCV  
  12  7:11  Combat Shields  
  12  7:17  Marine x2, Siege Tank, SCV x2  
  12  7:18  Supply Depot  
  12  7:19  SCV  
  12  7:24  Barracks Reactor  
  12  7:39  Marine x3, Medivac x2, SCV  
  12  7:41  Marine x2, SCV  
  12  7:43  Refinery, Supply Depot  
  12  7:44  Terran Infantry Weapons Level 2, Supply Depot  
  12  7:46  Terran Infantry Armor Level 2  
  12  7:49  Terran Vehicle Weapons Level 1  
  12  7:52  Barracks Tech Lab, Barracks Reactor  
  12  7:55  SCV x3  
  12  7:57  Marine x2, Refinery  
  12  8:04  Marine x2, Factory  
  12  8:06  Marine x3  
  12  8:07  SCV  
  12  8:15  Marine x2, Siege Tank, Supply Depot  
  12  8:16  Supply Depot  
  12  8:19  Medivac  
  12  8:20  Medivac  
  12  8:22  SCV  
  12  8:36  Marine x5, SCV x2  
  12  8:37  Marine  
  12  8:38  Marine x3, Supply Depot  
  12  8:39  Supply Depot  
  12  8:47  Barracks  
  12  8:48  Siege Tank  
  12  8:50  Barracks  
  12  8:56  SCV, Supply Depot  
  12  8:57  SCV, Supply Depot x2  
  12  8:59  Marine, Siege Tank  
  12  9:01  Marine  
  12  9:02  Marine x4  
  12  9:03  SCV  
  12  9:12  Command Center  
  12  9:13  Marine x2  
  12  9:16  Medivac  
  12  9:17  Medivac  
  12  9:19  SCV x2  
  12  9:20  Marine  
  12  9:24  Siege Tank  
  12  9:30  Marine x7  
  12  9:36  Barracks Tech Lab x2  
  12  9:49  Marine x3  
  12  9:54  Starport  
  12  9:55  Starport  
  12  9:59  Supply Depot  
  12  10:01  Terran Infantry Weapons Level 3  
  12  10:02  Terran Infantry Armor Level 3  
  12  10:04  Marine x3  
  12  10:16  Fusion Core  
  12  10:26  Sensor Tower  
  12  10:28  Missile Turret  
  12  10:29  Missile Turret  
  12  10:34  Sensor Tower  
  12  10:44  Sensor Tower  
  12  10:56  Planetary Fortress  
  12  11:04  Terran Ship Weapons Level 1  
  12  11:05  Starport Reactor, Starport Tech Lab  
  12  11:10  Ghost Academy  
  12  11:22  Refinery  
  12  11:23  Refinery  
  12  11:25  Missile Turret  
  12  11:26  Missile Turret  
  12  11:27  Missile Turret  
  12  11:28  Command Center  
  12  11:31  Command Center  
  12  11:32  Liberator x2  
  12  11:40  Missile Turret  
  12  11:43  Missile Turret  
  12  11:45  Liberator x3  
  12  11:49  Marauder x3  
  12  11:51  Advanced Ballistics  
  12  12:00  Missile Turret  
  12  12:02  Missile Turret  
  12  12:03  Siege Tank  
  12  12:04  Siege Tank  
  12  12:21  Missile Turret  
  12  12:22  Missile Turret  
  12  12:26  Missile Turret  
  12  12:28  Missile Turret  
  12  12:42  Missile Turret  
  12  12:43  Viking x2  
  12  12:45  Viking, Siege Tank x2  
  12  12:46  Medivac, Missile Turret  
  12  12:47  Command Center  
  12  12:52  Personal Cloaking  
  12  12:58  Terran Ship Weapons Level 2  
  12  13:00  Liberator x2  
  12  13:01  Liberator  
  12  13:14  Missile Turret  
  12  13:17  Missile Turret  
  12  13:18  Missile Turret  
  12  13:22  Sensor Tower, Missile Turret  
  12  13:26  Marauder x3  
  12  13:36  Siege Tank  
  12  13:40  Viking x2  
  12  14:00  Viking  
  12  14:03  Refinery  
  12  14:21  Viking x4  
  12  14:35  Viking  
  12  14:38  Orbital Command x2  
  12  14:50  Refinery  
  12  14:51  Viking, Planetary Fortress  
  12  14:54  Command Center  
  12  14:57  Command Center  
  12  15:01  Command Center  
  12  15:03  Command Center  
  12  15:04  Missile Turret  
  12  15:12  Viking x2  
  12  15:40  Marauder x3  
  12  16:01  Marauder  
  12  16:08  Planetary Fortress  
  12  16:12  Command Center  
  12  16:17  Sensor Tower  
  12  16:18  Missile Turret, Liberator x2  
  12  16:19  Liberator  
  12  16:44  Refinery  
  12  16:46  Refinery  
  12  16:49  Command Center  
  12  16:50  Missile Turret  
  12  17:31  Orbital Command x3  
  12  17:36  Missile Turret  
  12  17:37  Missile Turret  
  12  17:38  Missile Turret  
  12  17:39  Sensor Tower, Missile Turret  
Tags
 
Add a new tag
Caveats
  • Supply blocks, unpowered buildings, or Contaminate may cause inaccurate times.
  • Supply counts are checked every 10 seconds.